 Dungeon Crawl Stone Soup version 0.28.0-47-ge53b351184 (webtiles) character file.

Game seed: 13404774779788854305

1941 Bruhh the Martial Artist (level 9, -2/74 HPs)
             Began as a Merfolk Transmuter on Apr 30, 2022.
             Was a Believer of Okawaru.
             Slain by a wyvern zombie (14 damage)
             ... on level 7 of the Dungeon.
             The game lasted 00:12:40 (8266 turns).

Bruhh the Martial Artist (Merfolk Transmuter)       Turns: 8266, Time: 00:12:41

Health: -2/74      AC:  2    Str: 11    XL:     9   Next: 18%
Magic:  11/13      EV: 20    Int: 16    God:    Okawaru [**....]
Gold:   288        SH:  0    Dex: 19    Spells: 8/14 levels left

rFire   . . .      SeeInvis .     - Unarmed
rCold   . . .      Faith    .   (shield currently unavailable)
rNeg    . . .      Spirit   .   (armour currently unavailable)
rPois   x          Reflect  .   (helmet currently unavailable)
rElec   .          Harm     .   (cloak currently unavailable)
rCorr   .          Rampage  .   (gloves currently unavailable)
Will    .....                   (boots currently unavailable)
Stlth   ++........              (no amulet)
HPRegen 0.22/turn               d - +4 ring of slaying
MPRegen 0.13/turn               y - ring of wizardry

@: spider-form
A: venomous fangs, tiny, (nimble swimmer 2), (mertail)
a: End Transformation, Renounce Religion, Heroism


You were on level 7 of the Dungeon.
You worshipped Okawaru.
Okawaru was pleased with you.
You were a venomous arachnid creature.
You visited 2 branches of the dungeon, and saw 8 of its levels.

You collected 288 gold pieces.

Inventory:

Hand Weapons
 k - a +2 dagger of venom (melded)
 s - a +1 short sword of electrocution
Armour
 a - a +0 robe (melded)
Jewellery
 d - a +4 ring of slaying (left front leg)
 w - a ring of fire
 y - a ring of wizardry (right front leg)
 C - a ring of resist corrosion
Wands
 i - a wand of paralysis (15)
 t - a wand of acid (12)
 x - a wand of iceblast (11)
 z - a wand of flame (15)
Scrolls
 c - a scroll of magic mapping
 e - a scroll of identify {unknown}
 h - a scroll of holy word {unknown}
 l - a scroll of enchant armour {unknown}
 m - 4 scrolls of vulnerability {unknown}
 n - 3 scrolls of enchant weapon {unknown}
 o - 2 scrolls of teleportation {unknown}
 p - a scroll of fog {unknown}
 q - a scroll of torment {unknown}
 u - a scroll of blinking {unknown}
 A - a scroll of fear {unknown}
Potions
 b - 3 potions of lignification
 f - a potion of curing {unknown}
 g - 2 potions of brilliance
 j - a potion of invisibility {unknown}
 r - 3 potions of might {unknown}
 v - 3 potions of degeneration {unknown}
 B - a potion of cancellation {unknown}


   Skills:
 + Level 8.0 Fighting
 - Level 2.6 Dodging
 - Level 8.0 Unarmed Combat
 - Level 3.0 Spellcasting
 - Level 8.0 Transmutations


You had 8 spell levels left.
You knew the following spells:

 Your Spells              Type           Power      Damage    Failure   Level
a - Beastly Appendage     Tmut           56%        N/A       1%          1
b - Wereblood             Tmut           28%        N/A       2%          2
c - Spider Form           Tmut/Pois      15%        N/A       11%         3

Your spell library contained the following spells:

 Spells                   Type           Power      Damage    Failure   Level
 Sting                    Tmut/Pois      60%        1d6       4%          1
 Poisonous Vapours        Pois/Air       4%         N/A       22%         2
 Ice Form                 Ice/Tmut       15%        N/A       26%         4
 Dazzling Flash           Conj/Hex       4%         N/A       38%         3
 Ozocubu's Armour         Ice            2%         N/A       38%         3
 Olgreb's Toxic Radiance  Pois           2%         N/A       71%         4
 Agony                    Necr           2%         N/A       95%         5
 Silence                  Hex/Air        1%         N/A       95%         5
 Ozocubu's Refrigeration  Ice            1%         4d5       100%        7


Dungeon Overview and Level Annotations

Branches:
Dungeon (7/15)             Temple (1/1) D:5

Altars:
Cheibriados
Fedhas
Gozag
Hepliaklqana
Kikubaaqudgha
Makhleb
Okawaru
Qazlal
Ru
Trog
Uskayaw
Vehumet
Wu Jian
Xom
The Shining One

Shops:
D:5 :   D:6 :   D:7 :


Innate Abilities, Weirdness & Mutations

You are a venomous arachnid creature.
You have poisonous fangs.
You are tiny and dextrous.
Your spellcasting is less reliable in this form.
Your armour is entirely melded.
You are incapable of wielding weapons or throwing items.
((You are very nimble when in or above water. (Stealth+, EV+, Speed+++)))
((Your lower body shifts to a powerful aquatic tail in water.))


Message History

Found a helmet.
Found a stone staircase leading up.
You feel sick.
You are no longer poisoned.
Found 17 gold pieces.
You hit the wyvern zombie but do no damage.
Your transformation has ended.
Your +2 dagger of venom unmelds from your body.
Your +0 robe unmelds from your body.
Your +2 dagger of venom begins to drip with poison!
The wyvern zombie barely misses you. The wyvern zombie bites you!
You hit the wyvern zombie.
The wyvern zombie is lightly damaged.
The wyvern zombie closely misses you.
You hit the wyvern zombie but do no damage.
The wyvern zombie is lightly damaged.
The wyvern zombie bites you!
You are too injured to fight recklessly!
You are too injured to fight recklessly!
Casting: Spider Form (dangerous; 4% risk of failure)
Confirm with . or Enter, or press ? or * to list all spells.
You turn into a venomous arachnid creature.
Your +2 dagger of venom melds into your body.
Your +0 robe melds into your body.
Your +2 dagger of venom stops dripping with poison.
The wyvern zombie bites you!
* * * LOW HITPOINT WARNING * * *
You hit the wyvern zombie.
The wyvern zombie is moderately damaged.
The wyvern zombie misses you. The wyvern zombie bites you!
* * * LOW HITPOINT WARNING * * *
Things that are here:
a killer bee corpse; a killer bee corpse Really quaff the potion of lignification? [Y]es or [N]o only, please.
Really quaff the potion of lignification?
Okay, then.
The wyvern zombie closely misses you. The wyvern zombie barely misses you.
Found 17 stones.
The wyvern zombie bites you!
You die...

.........# #.#
.........# #.#
.........## #.#
.$....$...###.#
........#.†...#### ..
##.....#####.....######(
..... #...##
##.##........ ##... ###.
#.##Z.########... #
#.##s########..(#####
#....##..........#.(.
#..#.............#.#.
##..####...).....[..#.
#..## #..........####
#..###..# #..........##
# #.......##
#........../###
#..####..#
#.>.........^.# . ##.#
#....####.###..


You could see a wyvern zombie.

Vanquished Creatures
  Eustachio (D:5)
  Edmund (D:5)
  A water moccasin (D:6)
  A black bear (D:5)
  An orc warrior (D:7)
  A necrophage (D:6)
  A centaur (D:6)
  A hornet zombie (D:7)
  3 ogres
  2 phantoms
  A bullfrog (D:5)
  2 water moccasin skeletons
  4 killer bees (D:7)
  2 jellies
  3 iguanas (D:5)
  Jessica (D:2)
  An orc wizard (D:6)
  A howler monkey zombie (D:5)
  6 adders
  2 river rats (D:4)
  A white imp (D:6)
  An ufetubus (D:3)
  An adder skeleton (D:5)
  2 worms
  2 dart slugs
  8 orcs
  4 endoplasms
  6 giant cockroaches
  5 goblins
  9 hobgoblins
  13 jackals
  6 quokkas
  10 ball pythons
  8 bats
  A frilled lizard (D:2)
  4 kobolds
  5 rats
122 creatures vanquished.

Notes
Turn   | Place    | Note
-------+----------+-------------------------------------------
     0 | D:1      | Bruhh the Merfolk Transmuter began the quest for the Orb.
     0 | D:1      | Reached XP level 1. HP: 15/15 MP: 3/3
   196 | D:1      | Reached XP level 2. HP: 10/21 MP: 3/5
   788 | D:1      | Reached XP level 3. HP: 24/26 MP: 6/6
  1271 | D:1      | Learned a level 2 spell: Wereblood
  1455 | D:1      | Learned a level 3 spell: Spider Form
  2079 | D:2      | Reached XP level 4. HP: 24/32 MP: 7/7
  2281 | D:2      | Noticed Jessica
  2289 | D:2      | Killed Jessica
  2926 | D:3      | Found a faded altar of an unknown god.
  2928 | D:3      | Noticed a shining eye
  2928 | D:3      | Noticed a shining eye
  2939 | D:3      | Noticed an eye of devastation
  2976 | D:3      | Reached skill level 5 in Transmutations
  3376 | D:3      | Reached XP level 5. HP: 24/37 MP: 8/8
  3599 | D:3      | Noticed a golden eye
  3921 | D:4      | Found a hazy altar of Hepliaklqana.
  3930 | D:4      | Reached skill level 5 in Unarmed Combat
  4007 | D:4      | Noticed an ogre
  4016 | D:4      | Killed an ogre
  4108 | D:4      | Reached XP level 6. HP: 37/43 MP: 7/9
  4974 | D:4      | Noticed a +0 dagger
  4974 | D:4      | Noticed a +0 hand axe
  4977 | D:4      | Found a hide-covered altar of Uskayaw.
  5406 | D:5      | Entered Level 5 of the Dungeon
  5406 | D:5      | Found a staircase to the Ecumenical Temple.
  5416 | Temple   | Entered the Ecumenical Temple
  5666 | Temple   | Became a worshipper of Warmaster Okawaru
  5800 | D:5      | Reached XP level 7. HP: 15/51 MP: 8/11
  6037 | D:5      | Found an opulent altar of Gozag.
  6056 | D:5      | Noticed Eustachio
  6057 | D:5      | Found a sand-covered staircase.
  6078 | D:5      | Killed Eustachio
  6331 | D:5      | Reached * piety under Okawaru
  6440 | D:5      | Found a bloodstained altar of Trog.
  6474 | D:5      | Found a stormy altar of Qazlal.
  6478 | D:5      | Found Fovarem's Book Shop.
  6492 | D:5      | Reached skill level 5 in Fighting
  6492 | D:5      | Reached XP level 8. HP: 58/62 MP: 9/12
  6520 | D:5      | Noticed Edmund
  6537 | D:5      | Killed Edmund
  7198 | D:6      | Reached ** piety under Okawaru
  7395 | D:6      | Found Lupluxek's Book Emporium.
  7426 | D:6      | Found an ornate altar of the Wu Jian Council.
  7863 | D:7      | Found Jobimp Vonu's Book Emporium.
  7953 | D:7      | Reached XP level 9. HP: 21/72 MP: 10/13
  8266 | D:7      | Slain by a wyvern zombie

Illustrated notes

Levels and vault maps discovered:
D:1:      dpeg_arrival_fog, layout_rooms, minmay_misc_feat_encased,
          minmay_splitting_lines, minmay_door_square
D:2:      layout_basic, uniq_jessica
D:3:      layout_basic, hellmonk_ecumenical_altar_watching_god,
          hangedman_glass_garden
D:4:      layout_basic, dancing_weapons_uskayaw, mainiacjoe_overflow_catwalk,
          gup_sewer_entry_bubbles, minivault_27
D:5:      layout_gridville, mainiacjoe_overflow_large_starburst,
          mainiacjoe_overflow_paths, minmay_temple_entry_drinking_statues,
          nicolae_ossuary_entry_ruins, serial_shops, shop, uniq_edmund,
          uniq_eustachio
D:6:      layout_rooms, lemuel_tele_altar, serial_shops, shop, minivault_24
D:7:      layout_rooms, serial_shops, shop
Temple:   compressed_dpeg_triangle_lava_temple

Skill      XL: |  1  2  3  4  5  6  7  8  9 |
---------------+----------------------------+-----
Transmutations | 3 4 5 6 7 8 |  8.0
Unarmed Combat | 4 5 6 7 8 |  8.0
Spellcasting   | 3 |  3.0
Fighting       | 2 5 7 8 |  8.0
Dodging        | |  2.6

Action                   |  1- 3 |  4- 6 |  7- 9 || total
-------------------------+-------+-------+-------++-------
Melee: Unarmed           |   103 |    23 |   114 ||   240
       Headbutt          |    11 |    29 |       ||    40
       Punch             |     2 |     5 |     1 ||     8
       Dagger            |       |   153 |    21 ||   174
       Tailslap          |       |     1 |       ||     1
 Cast: Beastly Appendage |    20 |    30 |     2 ||    52
       Spider Form       |     2 |     3 |    16 ||    21
       Wereblood         |     1 |       |       ||     1
  Use: Potion            |       |     3 |     1 ||     4
       Scroll            |       |       |     2 ||     2
 Stab: Sleeping          |     1 |     1 |       ||     2
Armor: Robe              |    27 |    19 |       ||    46
       Skin              |       |       |    10 ||    10
Dodge: Dodged            |    93 |   125 |   153 ||   371
